 Dungeon Crawl Stone Soup version 0.31.0-9-g3a7656b989 (webtiles) character file.

Game seed: 9077619224415479321

104 qw the Ducker (level 4, 0/22 HPs)
             Began as a Spriggan Hunter on Feb 2, 2024.
             Constricted to death by a ball python (1 damage)
             ... in a sewer.
             The game lasted 00:00:08 (1465 turns).

qw the Ducker (Spriggan Hunter)                     Turns: 1465, Time: 00:00:08

Health: 0/22       AC:  2    Str:  7    XL:     4   Next: 52%
Magic:  5/5        EV: 17    Int: 10    God:
Gold:   75         SH:  5    Dex: 20    Spells: 3/3 levels left

rFire   + . .        a - +1 shortbow
rCold   . . .        (shield currently unavailable)
rNeg    . . .        c - +0 robe
rPois   .            (helmet restricted)
rElec   .            (no cloak)
rCorr   .            (gloves unavailable)
SInv    +            (boots unavailable)
Will    .....        g - amulet of reflection
Stlth   +            d - ring of protection from fire
HPRegen 0.23/turn    (no ring)
MPRegen 0.09/turn

%: reflection
@: constricted, slow
A: very small, no large weapons, unfitting armour, see invisible, speed 3
a: no special abilities


You were in a sewer.
You visited 1 branch of the dungeon, and saw 3 of its levels.
You also visited: Sewer.

You collected 75 gold pieces.


Innate Abilities, Weirdness & Mutations

You are very small and have problems with some larger weapons.
You are too small for most types of armour.
You have supernaturally acute eyesight. (SInv)
You cover ground extremely quickly. (Speed+++)


   Skills:
 + Level 1.5 Fighting
 - Level 5.0 Ranged Weapons
 - Level 5.1 Dodging
 - Level 1.5 Stealth


You had 3 spell levels left.
You didn't know any spells.
Your spell library was empty.

Inventory:

Hand Weapons
 a - a +1 shortbow (weapon)
Armour
 c - a +0 robe (worn)
Jewellery
 d - a ring of protection from fire (left hand)
 g - an amulet of reflection (around neck)
Potions
 b - a potion of curing
 e - a potion of mutation {unknown}
 f - a potion of heal wounds
 h - a potion of brilliance {unknown}
 i - a potion of berserk rage {unknown}

Dungeon Overview and Level Annotations

Branches:
Dungeon (3/15)              Sewer (1/1)

Altars:

Annotations:
D:2 1 runed translucent door, Crazy Yiuf


Message History

The ball python bites you but does no damage.
You block the ball python's attack. The adder completely misses you.
The ball python closely misses you. The ball python completely misses you.
The rat moves out of view.
1460 ||| RETREEEEATING.
You feel sick. The adder misses you.
You shoot an arrow. The arrow hits the adder.
You kill the adder!
You feel sick. The adder barely misses you. You block the ball python's attack.
The ball python closely misses you. x2; The ball python grabs you.
The ball python constricts you. The adder bites you.
The adder completely misses you.
Your Dodging skill increases to level 5!
You shoot an arrow.
The arrow closely misses the ball python.
You feel sick.
You are no longer poisoned.
The ball python misses you. The ball python completely misses you.
The ball python constricts you. The adder closely misses you.
The adder completely misses you. The ball python misses you.
You shoot an arrow. The arrow hits the ball python.
The ball python is severely wounded.
The ball python barely misses you. The ball python constricts you.
The adder misses you. The adder closely misses you.
The ball python completely misses you. You block the ball python's attack.
The ball python constricts you. The adder closely misses you.
You shoot an arrow. The rat squeaks loudly.
The arrow hits the ball python.
You kill the ball python!
You block the adder's attack. The ball python bites you.
The ball python closely misses you. The adder barely misses you.
The adder completely misses you.
You shoot an arrow. The arrow hits the adder.
The adder is heavily wounded.
The ball python closely misses you. The ball python grabs you.
The ball python constricts you. You block the river rat's attack.
The adder bites you. The adder closely misses you. The ball python bites you.
The ball python constricts you.
You die...

......#
#.....S.
..\\..#
##%.....
......#
#...S..#
......#
#...r..#
~~~~~~#
#~~~~~~#
~~~~~~#
#~~~%~~#
~~~~~~#
#~~rr~~#
~~~~~~#
#~~rSS~#
~~~~~~#
#~~S@~~#
~~#~~~#
#~~~~~~#
~~~#~~#
#~~~~~~#
~.~~~~#
#~~~~~~#
~~~#~~#
#~~~~~.#
~~~~.~#
#~~~~~~#
~~~~~~#
#~~~~~~#
~~~~~~#
#~~~~~~#
~~~~~~#
#~~~~~~#


You could see 3 adders, a river rat, a ball python and 3 rats.

Vanquished Creatures
  An adder (Sewer)
  A dart slug (D:1)
  4 ribbon worms
  6 bats
  11 endoplasms
  4 giant cockroaches
  7 goblins
  6 hobgoblins
  4 jackals (D:3)
  7 kobolds
  3 quokkas
  3 ball pythons
  A frilled lizard (D:2)
  21 rats
79 creatures vanquished.

Notes
Turn   | Place    | Note
-------+----------+-------------------------------------------
     0 | D:1      | qw the Spriggan Hunter began the quest for the Orb.
     0 | D:1      | Reached XP level 1. HP: 10/10 MP: 2/2
     0 | D:1      | 0 ||| qw: Version: 0.3-a-155-g5e7d8dd
     0 | D:1      | 0 ||| qw: Game counter: 2260
     0 | D:1      | 0 ||| qw: Melee chars always use a shield: true
     0 | D:1      | 0 ||| qw: God list: Okawaru
     0 | D:1      | 0 ||| qw: Allow faded altars: false
     0 | D:1      | 0 ||| qw: Do Orc after clearing Dungeon:15 true
     0 | D:1      | 0 ||| qw: Do second Lair branch before Depths: true
     0 | D:1      | 0 ||| qw: Lair rune preference: random
     0 | D:1      | 0 ||| qw: Goals: Normal
     0 | D:1      | 0 ||| PLANNING D:1-11
    31 | D:1      | Reached skill level 3 in Dodging
    88 | D:1      | Reached XP level 2. HP: 14/14 MP: 3/3
   302 | D:1      | Reached XP level 3. HP: 18/18 MP: 4/4
   545 | D:1      | 545 ||| UPGRADING to amulet of reflection.
   550 | D:1      | 550 ||| UPGRADING to ring of protection from fire.
   551 | D:1      | 551 ||| READING scroll labelled ROYSYA VUVY.
   585 | D:1      | 585 ||| READING scroll labelled POGRIE MUCVASCH.
   586 | D:1      | 586 ||| READING scroll labelled JELUSCHA OBBUUS.
   590 | D:1      | 590 ||| READING scroll labelled POEMOF WIEWK.
   590 | D:1      | 590 ||| ENCHANTING +0 shortbow.
   591 | D:1      | 591 ||| DROPPING scroll of butterflies.
   619 | D:2      | 619 ||| STAIRDANCE
   674 | D:2      | Found a faded altar of an unknown god.
   833 | D:2      | Reached XP level 4. HP: 22/22 MP: 5/5
   922 | D:2      | Found a runed translucent door.
   923 | D:2      | Noticed Crazy Yiuf
  1123 | D:2      | 1123 ||| READING 2 scrolls labelled AMEFOR BEEWK.
  1123 | D:2      | 1123 ||| IDENTIFYING fuming cyan potion
  1124 | D:2      | 1124 ||| READING scroll of identify.
  1124 | D:2      | 1124 ||| IDENTIFYING yellow potion
  1125 | D:2      | 1125 ||| READING scroll labelled PIBRISOESE.
  1226 | D:2      | 1226 ||| READING 2 scrolls labelled PEUPTU OPRIWA.
  1227 | D:2      | 1227 ||| READING scroll labelled XOUTICRYKK.
  1228 | D:2      | 1228 ||| READING scroll labelled EQAPNU KEBYE.
  1229 | D:2      | 1229 ||| DROPPING scroll of revelation.
  1262 | D:3      | 1262 ||| PLANNING SEWER
  1378 | D:3      | Found a glowing drain.
  1390 | Sewer    | Entered a sewer
  1460 | Sewer    | 1460 ||| RETREEEEATING.
  1465 | Sewer    | HP: 4/22 [adder (3)]
  1465 | Sewer    | HP: 1/22 [ball python (3)]
  1465 | Sewer    | Constricted to death by a ball python

Levels and vault maps discovered:
D:1:      minmay_arrival_four_circles, layout_rooms, minmay_split_cup_large
D:2:      layout_rooms, ebering_ecumenical_altar_sacrificial,
          serial_bayou_pond_b, uniq_crazy_yiuf_cottage
D:3:      layout_loops_cross, kennysheep_ying_yang, portal_sewer_entry_a
Sewer:    sewer_minmay_w

Skill      XL: |  1  2  3  4 |
---------------+-------------+-----
Dodging        | 3 4 5 |  5.1
Ranged Weapons | 5 |  5.0
Fighting       | |  1.5
Stealth        | |  1.5

Action                     |  1- 3 |  4- 6 || total
---------------------------+-------+-------++-------
   Fire: Shortbow          |   141 |    59 ||   200
    Use: Scroll            |     4 |     6 ||    10
 Armour: Robe              |    12 |    10 ||    22
  Dodge: Dodged            |    47 |    61 ||   108
  Block: Other             |     2 |    11 ||    13

Table legend:
 A = Non-vault XP
 B = Vault XP
 C = Vault XP percentage of total XP
 D = Non-vault monster count
 E = Vault monster count
 F = Vault count percentage of total count
                 A         B        C        D         E       F
            +---------+---------+-------+---------+---------+-------
      Total |     100 |      49 |  32.9 |      55 |      24 |  30.4
            +---------+---------+-------+---------+---------+-------
        D:1 |      56 |       8 |  12.5 |      32 |       4 |  11.1
        D:2 |      31 |       6 |  16.2 |      15 |       4 |  21.1
        D:3 |      13 |      10 |  43.5 |       8 |       5 |  38.5
      Sewer |       0 |      25 | 100.0 |       0 |      11 | 100.0
            +---------+---------+-------+---------+---------+-------
